General information
			
			
        
        - name: Local Game (BEAR_AND)
 
        - type: Custom game
 
        - host: BEAR_AND
 
        - saver: BEAR_AND
 
        
map: TerenasStand 
        - players: 8
 
        - length: 17:46
 
        - speed: Fast
 - version: 1.22 W3XP
 - replay type:  

 
» download(127 KB)
Players
        team 1 (loser) 
              
              
» 
iggy_the_fisk (
blue | 138 APM | 2452 actions | 17:45)
              
 5 Warden 
 3 Shadow Strike
 2 Fan of Knives
 3 Pandaren Brewmaster 
 2 Breath of Fire
 1 Drunken Haze
 
                » actions 
                
                | Assign group hotkey | 199 |  | 
| Basic commands | 9 |  | 
| Build / train | 57 |  | 
| Enter build submenu | 23 |  | 
| Enter hero's abilities submenu | 8 |  | 
| Right click | 1393 |  | 
| Select / deselect | 302 |  | 
| Select group hotkey | 333 |  | 
| Use ability | 128 |  | 
                2452 total
 » units 
                
                | Wisp | 14 |  | 
| Archer | 6 |  | 
| Dryad | 3 |  | 
| Druid of the Claw | 5 |  | 
                28 total
 » upgrades
                
                | Abolish Magic | 1 |  | 
| Druid of the Claw Training | 2 |  | 
| Mark of the Claw | 1 |  | 
                4 total
 » buildings
                
                | Altar of Elders | 1 |  | 
| Moon Well | 8 |  | 
| Ancient of War | 1 |  | 
| Tree of Ages | 1 |  | 
| Hunter's Hall | 1 |  | 
| Tree of Life | 3 |  | 
| Ancient of Lore | 2 |  | 
| Ancient of Wonders | 1 |  | 
| Tree of Eternity | 1 |  | 
| Ancient of Wind | 1 |  | 
                20 total
 » build order
                00:04 Altar of Elders
00:17 Moon Well
00:40 Ancient of War
01:31 Moon Well
02:30 Tree of Ages
02:56 Moon Well
03:35 Hunter's Hall
04:43 Tree of Life
04:59 Ancient of Lore
06:29 Ancient of Wonders
06:53 Tree of Eternity
07:41 Moon Well
08:03 Moon Well
08:58 Ancient of Lore
09:11 Moon Well
10:13 Moon Well
11:57 Moon Well
13:08 Tree of Life
15:42 Tree of Life
15:51 Ancient of Wind
» items
                
                | Staff of Preservation | 2 |  | 
| Orb of Venom | 3 |  | 
| Lesser Clarity Potion | 4 |  | 
| Scroll of Town Portal | 2 |  | 
                11 total
  
               team 2 (winner) 
              
              
p.rower (
gray | 175 APM | 3100 actions | 17:45)
              
 4 Archmage 
 2 Summon Water Elemental
 2 Brilliance Aura
 2 Mountain King 
 1 Storm Bolt
 1 Bash
 
                » actions 
                
                | Assign group hotkey | 111 |  | 
| Basic commands | 31 |  | 
| Build / train | 100 |  | 
| Enter build submenu | 28 |  | 
| Enter hero's abilities submenu | 6 |  | 
| Give item / drop item | 3 |  | 
| Right click | 1421 |  | 
| Select / deselect | 527 |  | 
| Select group hotkey | 745 |  | 
| Use ability | 128 |  | 
                3100 total
 » units 
                
                | Peasant | 28 |  | 
| Footman | 17 |  | 
| Rifleman | 9 |  | 
| Spell Breaker | 3 |  | 
| Sorceress | 3 |  | 
| Priest | 2 |  | 
                62 total
 » upgrades
                
                | Gunpowder | 1 |  | 
| Backpack | 1 |  | 
| Long Rifles | 1 |  | 
| Sorceress Training | 1 |  | 
                4 total
 » buildings
                
                | Altar of Kings | 1 |  | 
| Barracks | 3 |  | 
| Farm | 11 |  | 
| Lumber Mill | 2 |  | 
| Arcane Vault | 2 |  | 
| Town Hall | 1 |  | 
| Scout Tower | 4 |  | 
| Arcane Tower | 2 |  | 
| Guard Tower | 4 |  | 
| Keep | 2 |  | 
| Blacksmith | 1 |  | 
| Arcane Sanctum | 2 |  | 
                35 total
 » build order
                00:06 Altar of Kings
00:18 Barracks
00:33 Farm
01:03 Farm
01:33 Farm
02:35 Farm
03:10 Lumber Mill
03:13 Lumber Mill
03:47 Farm
04:45 Arcane Vault
05:37 Town Hall
06:48 Scout Tower
06:49 Scout Tower
06:50 Scout Tower
06:51 Scout Tower
07:19 Arcane Tower
07:20 Arcane Tower
08:05 Guard Tower
08:05 Guard Tower
08:48 Guard Tower
08:48 Guard Tower
09:05 Keep
09:05 Keep
09:24 Barracks
09:39 Blacksmith
09:40 Barracks
10:15 Farm
10:20 Farm
10:35 Farm
10:36 Farm
11:50 Arcane Sanctum
13:40 Arcane Sanctum
15:15 Arcane Vault
15:37 Farm
15:58 Farm
» items
                
                | Dust of Appearance | 1 |  | 
| Boots of Speed | 1 |  | 
| Lesser Clarity Potion | 2 |  | 
| Scroll of Regeneration | 3 |  | 
| Potion of Healing | 2 |  | 
| Scroll of Town Portal | 1 |  | 
| Scroll of Healing | 2 |  | 
| Potion of Lesser Invulnerability | 1 |  | 
                13 total
  
               observersBEAR_AND, 
bLinn, 
dropkickmonday, 
Mata., 
NasbiN, 
GCValentine Chat log
          (00:13 / All) p.rower: haven't been free since last night until now sorry
(00:41 / Observers) BEAR_AND: aowc
(00:49 / All) iggy_the_fisk: Place a guess
(00:50 / Observers) BEAR_AND: that was a david bowie line
(00:51 / All) p.rower: hu
(01:10 / Observers) BEAR_AND: this sounds like cygnet committee one of my fav. songs
(01:45 / All) p.rower: damn
(02:12 / Observers) BEAR_AND: milit creep
(02:16 / Observers) BEAR_AND: both guys playing cc
(02:30 / Observers) NasbiN: aow stealin thar xp
(02:33 / Observers) BEAR_AND: wow
(02:41 / Observers) BEAR_AND: iggy lost one of the rogues to aow
(03:36 / Observers) BEAR_AND: prower is doing the fasttrack level3 creep patter
(04:00 / Observers) BEAR_AND: fexpo or DIE
(04:10 / Observers) BEAR_AND: wow ls on that foot
(04:10 / Observers) BEAR_AND: damn
(04:19 / Observers) BEAR_AND: wow rapeign archers w/ ls
(04:36 / Observers) BEAR_AND: 8hp
(04:38 / Observers) BEAR_AND: wowowow
(04:50 / Observers) BEAR_AND: he's gonna try the fexpo again
(04:54 / All) iggy_the_fisk: WHOPS
(04:55 / Observers) dropkickmonday: uh oh
(05:00 / Observers) BEAR_AND: iggy's tol-creep got owned
(05:01 / Observers) BEAR_AND: by creeps
(05:03 / Observers) BEAR_AND: didn't even cancel
(05:05 / Observers) dropkickmonday: didnt even cancel
(05:08 / Observers) dropkickmonday: beaten
(05:14 / Observers) BEAR_AND: that's 400gold down the drain
(05:36 / Observers) BEAR_AND: well lores are going up
(05:43 / Observers) BEAR_AND: well just 1
(05:58 / Observers) BEAR_AND: warden 3 soon
(06:10 / Observers) BEAR_AND: this fexpo  getting FUCKED
(06:27 / Observers) BEAR_AND: daytime soon........gaytime.....forarchers
(06:54 / Observers) BEAR_AND: panda
(07:30 / Observers) BEAR_AND: fokwave breath of fire is deadly
(07:48 / Observers) BEAR_AND: wow tp
(07:49 / Observers) BEAR_AND: wow
(08:00 / Observers) BEAR_AND: he bought a clarity
(08:03 / Observers) BEAR_AND: lmao
(08:16 / Observers) BEAR_AND: he has a bof
(08:21 / Observers) BEAR_AND: and almost a ss
(08:25 / Observers) BEAR_AND: ss ready
(08:41 / Observers) BEAR_AND: bears pumpen
(08:56 / Observers) BEAR_AND: l4 off of a welem
(09:06 / Observers) BEAR_AND: check it offensive well
(09:39 / Observers) BEAR_AND: prower teching & putting put a rax
(09:42 / Observers) BEAR_AND: second
(09:42 / Observers) BEAR_AND: rax
(10:14 / Observers) BEAR_AND: prower has 6 on mine
(10:17 / Observers) BEAR_AND: cause expo so far away
(10:41 / Observers) BEAR_AND: wow juve that yad
(10:50 / Observers) NasbiN: mana
(10:56 / Observers) BEAR_AND: rifles
(11:05 / Observers) BEAR_AND: staffed da yad
(11:05 / Observers) GCValentine: prower playing starcraft? need moe rax for medic marine
(11:25 / Observers) BEAR_AND: well staffed and starcraft was a sweet rhyme
(11:34 / Observers) BEAR_AND: staff bear
(11:36 / Observers) BEAR_AND: done
(11:44 / Observers) dropkickmonday: haha
(12:02 / Observers) BEAR_AND: staff bear
(12:03 / Observers) BEAR_AND: .
(12:03 / Observers) BEAR_AND: .
(12:04 / Observers) BEAR_AND: .
(12:04 / Observers) BEAR_AND: .
(12:06 / Observers) BEAR_AND: no
(12:23 / Observers) BEAR_AND: but did he planda...
(12:43 / Observers) BEAR_AND: pOHG OD
(12:44 / Observers) BEAR_AND: am
(12:45 / Observers) dropkickmonday: oh my
(12:53 / Observers) BEAR_AND: sweet staff
(13:22 / Observers) BEAR_AND: iggy regrouping
(13:26 / Observers) BEAR_AND: another
(13:27 / Observers) BEAR_AND: tol
(13:27 / All) iggy_the_fisk: Haha what
(13:28 / Observers) BEAR_AND: dead
(13:32 / Observers) BEAR_AND: to creeps
(13:35 / Observers) BEAR_AND: without cancel
(14:24 / Observers) BEAR_AND: 40food to 55
(14:29 / Observers) BEAR_AND: prower pushing
(14:53 / Observers) BEAR_AND: put bears in clawform
(15:12 / Observers) BEAR_AND: creepowned
(15:38 / Observers) BEAR_AND: iggy at 1000g still 39food
(15:45 / Observers) BEAR_AND: prower 65food
(15:54 / Observers) BEAR_AND: l3 panda vs rifles though
(15:56 / Observers) BEAR_AND: is ownage
(16:12 / Observers) BEAR_AND: 4/2
(16:22 / Observers) BEAR_AND: iggy no lumb either
(16:42 / Observers) BEAR_AND: l5 warden
(16:45 / Observers) BEAR_AND: that am is fucking dead man
(17:28 / Observers) BEAR_AND: TOWERPOWERNERF>>>>>>USE POTION OF INVULNERABILITY
(17:42 / Observers) BEAR_AND: he loses 2 bears, tps out
(17:44 / All) iggy_the_fisk: gg
(17:44 / Observers) BEAR_AND: 3